 Dungeon Crawl Stone Soup version 0.24-a0-520-g8fd06ad0bc (webtiles) character file.

Game seed: 4027352338872012453

9 vurker the Grave Robber (level 2, 26/26 HPs)
             Began as a Gnoll Wanderer on July 24, 2019.
             Got out of the dungeon alive.
             The game lasted 00:01:03 (683 turns).

vurker the Grave Robber (Gnoll Wanderer)             Turns: 683, Time: 00:01:04

Health: 26/26      AC:  2    Str: 15    XL:     2   Next: 16%
Magic:  5/5        EV: 11    Int: 16    God:
Gold:   41         SH:  0    Dex: 11    Spells: 5/6 levels left

rFire    . . .     SeeInvis .   a - +0 shortbow
rCold    . . .     Gourm    +   (shield currently unavailable)
rNeg     . . .     Faith    .   f - +0 robe
rPois    .         Spirit   .   (no helmet)
rElec    .         Reflect  .   (no cloak)
rCorr    .         Harm     .   (no gloves)
MR       .....                  (no boots)
Stlth    +.........             b - amulet of the gourmand
HPRegen  0.08/turn              (no ring)
MPRegen  0.09/turn              (no ring)

@: no status effects
A: distributed training, fangs 1, strong nose
a: no special abilities


You escaped.
You were not hungry.

You visited 1 branch of the dungeon, and saw 1 of its levels.

You collected 41 gold pieces.

Inventory:

Hand Weapons
 a - a +0 shortbow (weapon)
Missiles
 c - 23 arrows (quivered)
Armour
 d - a +0 shield
 f - a +0 robe (worn)
Jewellery
 b - an amulet of the gourmand (around neck)
   (You found it on level 1 of the Dungeon)
Potions
 g - a potion of flight {unknown}
Comestibles
 e - a ration


   Skills:
 + Level 4.4 Fighting
 + Level 0.3 Short Blades
 + Level 0.3 Long Blades
 + Level 0.3 Axes
 + Level 0.3 Maces & Flails
 + Level 0.3 Polearms
 + Level 0.3 Staves
 + Level 0.3 Slings
 + Level 0.3 Bows
 + Level 0.3 Crossbows
 + Level 2.4 Throwing
 + Level 2.4 Armour
 + Level 0.3 Dodging
 + Level 0.3 Stealth
 + Level 2.4 Shields
 + Level 0.3 Unarmed Combat
 + Level 2.7 Spellcasting
 + Level 0.2 Conjurations
 + Level 0.2 Hexes
 + Level 0.2 Charms
 + Level 0.2 Summonings
 + Level 7.0 Necromancy
 + Level 0.2 Translocations
 + Level 0.2 Transmutations
 + Level 0.2 Fire Magic
 + Level 0.2 Ice Magic
 + Level 0.2 Air Magic
 + Level 0.2 Earth Magic
 + Level 0.2 Poison Magic
 + Level 0.4 Invocations
 + Level 0.3 Evocations


You had 5 spell levels left.
You knew the following spells:

 Your Spells              Type           Power        Failure   Level  Hunger
a - Magic Dart            Conj           #...         19%         1    #......

Your spell library contained the following spells:

 Spells                   Type           Power        Failure   Level  Hunger
 Blink                    Tloc           N/A          26%         2    ##.....
 Call Imp                 Summ           #.......     26%         2    ##.....
 Slow                     Hex            #.......     26%         2    ##.....
 Conjure Flame            Conj/Fire      #.......     47%         3    ###....
 Mephitic Cloud           Conj/Pois/Air  #.......     47%         3    ###....


Dungeon Overview and Level Annotations

Branches:
Dungeon (1/15)

Altars:


Innate Abilities, Weirdness & Mutations

Your experience applies equally to all skills.
You have very sharp teeth.
Your uncanny sense of smell can sniff out nearby items.


Message History

The magic dart hits the hobgoblin.
You don't have enough magic to cast that spell.
Firing (i - inventory)
c - 25 arrows (quivered)
Aim: a hobgoblin, wielding a +0 club (severely wounded)
You shoot an arrow. The arrow barely misses the hobgoblin.
The hobgoblin hits you with a +0 club.
The hobgoblin hits you but does no damage.
Firing (i - inventory)
c - 24 arrows (quivered)
Aim: a hobgoblin, wielding a +0 club (heavily wounded)
You shoot an arrow. The arrow hits the hobgoblin!
You kill the hobgoblin!
No target in view!
Your magical contamination has completely faded away.
c - 25 arrows (gained 2)
You see here a +0 club.
Found 11 gold pieces.
You now have 41 gold pieces (gained 11).
You see here a +0 club.
You see here a ring mail.
You see here a +0 club.
There is an open door here.
There is an open door here.
There is an open door here.
You see here a +0 club.
Found an amethyst potion.
Found a viscous purple potion.
Found 14 stones and 3 scrolls labeled RIOWNU LIUR.
g - an amethyst potion A bat comes into view.
A bat is nearby!
A bat is nearby!
Firing (i - inventory)
c - 25 arrows (quivered)
Aim: a bat You shoot an arrow.
The arrow closely misses the bat.
The bat hits you but does no damage.
Firing (i - inventory)
c - 24 arrows (quivered)
Aim: a bat You shoot an arrow.
The arrow hits the bat.
You kill the bat!
No target in view!
No target in view!
No target in view!
No target in view!
There is an open door here.
You see here a +0 club.
There is an open door here.
You see here 26 stones.
There is a staircase leading out of the dungeon here.
Are you sure you want to leave the Dungeon?
This will make you lose the game!
You have escaped!

#......#####.#
####......'....>#
##......(..########
#..##.............####
#..8############.....#
#..............#.....#
#..8##...#####.#.....#
#..##.....# #.#.....#
##.###.@.## #.#.....#
#..##.....# #.##'####
#..8##...#####.##.######
#..............##.......
#..8####################
##### #.....# # #.###.#
# #.# #)#### #.# #.....


There were no monsters in sight!

Vanquished Creatures
  A dart slug (D:1)
  A giant cockroach (D:1)
  A goblin (D:1)
  2 hobgoblins (D:1)
  2 bats (D:1)
7 creatures vanquished.

Notes
Turn   | Place    | Note
-------+----------+-------------------------------------------
     0 | D:1      | vurker the Gnoll Wanderer began the quest for the Orb.
     0 | D:1      | vurker set off with the following items: a +0 shortbow, 26
                  | arrows, a +0 shield, a ration, a +0 robe; and the following
                  | spell memorised: Magic Dart; and the following spells
                  | available to memorise: Blink, Call Imp, Slow, Conjure
                  | Flame, Mephitic Cloud
     0 | D:1      | Reached XP level 1. HP: 20/20 MP: 4/4
   175 | D:1      | Reached XP level 2. HP: 26/26 MP: 0/5
   683 | D:$      | Got out of the dungeon alive.

Levels and vault maps discovered:
D:1:      psy_arrival_basics, layout_basic

Action                   || total
-------------------------++-------
 Fire: Shortbow          ||    13
 Cast: Magic Dart        ||    14
  Eat: Chunk             ||     4
Armor: Robe              ||     3
Dodge: Dodged            ||     4

Table legend:
 A = Non-vault XP
 B = Vault XP
 C = Vault XP percentage of total XP
 D = Non-vault monster count
 E = Vault monster count
 F = Vault count percentage of total count
                 A         B        C        D         E       F
            +---------+---------+-------+---------+---------+-------
      Total |      14 |       0 |   0.0 |       7 |       0 |   0.0
            +---------+---------+-------+---------+---------+-------
        D:1 |      14 |       0 |   0.0 |       7 |       0 |   0.0
            +---------+---------+-------+---------+---------+-------
